 Dungeon Crawl Stone Soup version 0.28-a0-1206-g193881aaa2 (webtiles) character file.

Game seed: 1917659220077074304

140 ytrimaz the Insei (level 5, -13/40 HPs)
             Began as an Octopode Transmuter on Dec 20, 2021.
             Mangled by Menkaure (14 damage)
             ... on level 4 of the Dungeon.
             The game lasted 00:02:55 (4200 turns).

ytrimaz the Insei (Octopode Transmuter)             Turns: 4200, Time: 00:02:55

Health: -13/40     AC:  5    Str: 10    XL:     5   Next: 23%
Magic:  5/9        EV: 10    Int: 17    God:
Gold:   85         SH:  0    Dex: 12    Spells: 0/10 levels left

rFire   . . .      SeeInvis .     - Unarmed
rCold   + + +      Faith    .   (shield currently unavailable)
rNeg    . . .      Spirit   .   (helmet currently unavailable)
rPois   +          Reflect  .   (no amulet)
rElec   .          Harm     .   e - ring of protection from fire
rCorr   .          Rampage  .   (no ring)
Will    .....                   (no ring)
Stlth   +.........              (no ring)
HPRegen 0.13/turn               (no ring)
MPRegen 0.11/turn               (no ring)
                                (no ring)
                                (no ring)

@: ice-form
A: freezing attack, boosted hp, almost no armour, amphibious, 8 rings, large,
(camouflage 1), (gelatinous body 1), (nimble swimmer 1), (tentacles)
a: End Transformation


You were on level 4 of the Dungeon.
You were a creature of crystalline ice.
You visited 1 branch of the dungeon, and saw 4 of its levels.

You collected 85 gold pieces.

Inventory:

Jewellery
 e - a ring of protection from fire (left front paw)
Wands
 f - a wand of digging (1)
Scrolls
 i - a scroll of enchant weapon {unknown}
 k - a scroll of enchant armour
Potions
 a - a potion of ambrosia {unknown}
 b - 3 potions of curing
 c - a potion of mutation {unknown}
 d - 2 potions of lignification {unknown}
 g - a potion of brilliance {unknown}
 h - a potion of berserk rage {unknown}
 j - a potion of invisibility {unknown}


   Skills:
 * Level 1.7 Fighting
 * Level 2.6 Dodging
 + Level 3.4 Unarmed Combat
 * Level 3.2 Spellcasting
 * Level 3.1 Transmutations
 + Level 0.2 Poison Magic


You couldn't memorise any spells.
You knew the following spells:

 Your Spells              Type           Power      Damage    Failure   Level
a - Beastly Appendage     Tmut           26%        N/A       4%          1
b - Wereblood             Tmut           13%        N/A       7%          2
c - Spider Form           Tmut/Pois      8%         N/A       26%         3
d - Ice Form              Ice/Tmut       8%         N/A       65%         4

Your spell library contained the following spells:

 Spells                   Type           Power      Damage    Failure   Level
 Ensorcelled Hibernation  Hex/Ice        4%         N/A       26%         2
 Gell's Gravitas          Tloc           2%         N/A       45%         3
 Teleport Other           Tloc           2%         N/A       45%         3
 Tukima's Dance           Hex            2%         N/A       45%         3
 Dispersal                Tloc           1%         N/A       100%        6


Dungeon Overview and Level Annotations

Branches:
Dungeon (4/15)
 Temple: D:4-7

Altars:

Annotations:
D:4 Menkaure


Innate Abilities, Weirdness & Mutations

You are a creature of crystalline ice.
You have a powerful freezing melee attack.
Your maximum health is increased.
Your armour is entirely melded.
You are incapable of wielding weapons or throwing items.
You cannot wear most types of armour.
You are amphibious.
You can wear up to eight rings at the same time.
((Your skin changes colour to match your surroundings (Stealth+).))
((Your rubbery body absorbs attacks. (AC +1, EV +1)))
((You are camouflaged near water. (Stealth+)))
((You have tentacles for arms and can constrict up to eight enemies at once.))


Message History

You are very lightly contaminated with residual magic.
Strange energies run through your body.
Unknown command.
Casting: Ice Form (potentially lethal; 65% risk of failure)
Confirm with . or Enter, or press ? or * to list all spells.
The spell is potentially lethal to miscast (65% risk of failure)!
Continue anyway?
You miscast Ice Form.
You are lightly contaminated with residual magic.
Nothing appears to happen.
Unknown command.
You start resting.
Your magical contamination has completely faded away.
You start resting.
Magic restored.
Casting: Ice Form (potentially lethal; 65% risk of failure)
Confirm with . or Enter, or press ? or * to list all spells.
The spell is potentially lethal to miscast (65% risk of failure)!
Continue anyway?
You turn into a creature of crystalline ice.
Unknown command.
Menkaure shouts!
Menkaure calls on the powers of darkness!
Your body is wracked with pain!
Menkaure calls on the powers of darkness!
Your body is wracked with pain!
* * * LOW HITPOINT WARNING * * *
A hound comes into view.
Menkaure barely misses you.
You are too injured to fight recklessly!
You hit Menkaure but do no damage. You punch Menkaure! You freeze Menkaure.
Menkaure is heavily damaged.
Menkaure hits you!
* * * LOW HITPOINT WARNING * * *
You are too injured to fight recklessly!
You punch Menkaure!
Menkaure is almost destroyed.
The hound bites you.
* * * LOW HITPOINT WARNING * * *
Menkaure hits you!
You die...

..###+#####..
............#
............
...........
..............
..#####......#
..#"[[#....Mh##
..#:[!#....Y..#
..#?[?#......##
..#####..#..## ..
.........##.##....
...................
...####............
#..###.......
###..##.....#..
###........##.# .


You could see Menkaure and a hound.

Vanquished Creatures
  A scorpion (D:3)
  2 adders
  A worm (D:3)
  A dart slug (D:1)
  6 orcs (D:3)
  3 ball pythons
  2 endoplasms (D:2)
  4 giant cockroaches
  2 goblins
  6 hobgoblins
  4 jackals (D:2)
  3 quokkas
  8 bats
  A frilled lizard (D:1)
  4 kobolds
  4 rats
52 creatures vanquished.

Notes
Turn   | Place    | Note
-------+----------+-------------------------------------------
     0 | D:1      | ytrimaz the Octopode Transmuter began the quest for the
                  | Orb.
     0 | D:1      | Reached XP level 1. HP: 13/13 MP: 3/3
   403 | D:1      | Reached XP level 2. HP: 16/18 MP: 3/5
  1099 | D:1      | Found a faded altar of an unknown god.
  1353 | D:1      | Learned a level 2 spell: Wereblood
  1715 | D:2      | Reached XP level 3. HP: 23/23 MP: 3/6
  1723 | D:2      | Learned a level 3 spell: Spider Form
  2559 | D:3      | Reached XP level 4. HP: 23/28 MP: 4/7
  2925 | D:3      | Noticed a scorpion
  2932 | D:3      | Killed a scorpion
  2933 | D:3      | Reached XP level 5. HP: 26/34 MP: 5/9
  3581 | D:4      | Noticed Menkaure
  3589 | D:4      | Learned a level 4 spell: Ice Form
  4200 | D:4      | HP: 1/40 [hound (4)]
  4200 | D:4      | Mangled by Menkaure

Illustrated notes

Levels and vault maps discovered:
D:1:      scummos_arrival_simple_crosswalls, layout_basic,
          basic_ecumenical_altar
D:2:      layout_basic
D:3:      layout_rooms
D:4:      layout_cave_pools, minmay_temple_entry_hall, serial_glass,
          glass_columns_a, glass_columns_a, due_unseen_surprise,
          feat_on_display, uniq_menkaure

Skill      XL: |  1  2  3  4 |
---------------+-------------+-----
Spellcasting   | 3 |  3.2
Transmutations | 3 |  3.1
Fighting       | |  1.7
Dodging        | |  2.6
Unarmed Combat | |  3.4
Poison Magic   | |  0.2

Action                   |  1- 3 |  4- 6 || total
-------------------------+-------+-------++-------
Melee: Unarmed           |    88 |    38 ||   126
       Constrict         |    24 |    10 ||    34
       Kick              |    16 |     4 ||    20
       Tentacles         |    11 |     5 ||    16
 Cast: Beastly Appendage |    26 |     5 ||    31
       Wereblood         |     1 |       ||     1
       Spider Form       |     1 |     2 ||     3
       Ice Form          |       |     1 ||     1
  Use: Scroll            |     5 |     2 ||     7
 Stab: Sleeping          |     3 |     2 ||     5
Armor: Skin              |    13 |     5 ||    18
Dodge: Dodged            |    68 |    19 ||    87

Table legend: (Time is in decaauts)
 A = Elapsed time spent in this place.
 B = Non-inter-level travel time spent in this place.
 C = Inter-level travel time spent in this place.
 D = Time resting spent in this place.
 E = Time spent auto-exploring this place.
 F = Levels seen in this place.
 G = Mean time per level.
                   A        B        C        D        E       F      G
               +--------+--------+--------+--------+--------+-----+--------+
         Total |   4190 |   4160 |     30 |   1363 |   2322 |   4 | 1047.5 |
       Dungeon |   4190 |   4160 |     30 |   1363 |   2322 |   4 | 1047.5 |
               +--------+--------+--------+--------+--------+-----+--------+

Top non-repeatable levels by time:
     D:1: 1352 daAuts
     D:2: 1112 daAuts
     D:3: 1098 daAuts
     D:4: 627 daAuts
